Map: [G8] Dragon Scales

Players

Spirit

  • Race: Terran Terran
  • Spawn Location: 11:00

Creator - Winner!

  • Race: Protoss Protoss
  • Spawn Location: 5:00

Event: Gamers8 2023

VOD

Have the link to the VOD?

Description

Time

  • Played on: Aug. 4, 2023, 11:37 a.m.
  • Length: 10:19

All games in this series

Show
View Real Time Build Order
Export as new Build Order

Spirit Terran 

Build Orders:  

Get SALT Encoding   

  12  0:00  SCV  
  13  0:12  SCV  
  14  0:17  Supply Depot  
  14  0:24  SCV  
  15  0:38  SCV  
  15  0:40  Barracks  
  16  0:50  SCV  
  16  0:52  Refinery  
  17  1:03  SCV  
  18  1:10  Engineering Bay  
  18  1:15  SCV  
  19  1:27  Marine, Orbital Command  
  20  1:43  Command Center  
  20  1:47  Barracks Reactor  
  20  1:53  SCV  
  21  1:56  Supply Depot  
  21  2:05  SCV  
  22  2:17  SCV  
  23  2:24  Marine x2  
  25  2:30  Command Center  
  25  2:33  SCV  
  26  2:41  Marine  
  26  2:42  Marine  
  28  2:45  Factory  
  28  2:48  SCV  
  29  2:55  Orbital Command  
  29  3:00  SCV  
  29  3:04  Bunker  
  30  3:06  Marine  
  30  3:08  Marine  
  30  3:12  SCV  
  33  3:22  SCV  
  33  3:24  Marine, SCV  
  33  3:26  Marine  
  37  3:29  Factory Tech Lab  
  37  3:34  Barracks, SCV  
  37  3:36  SCV  
  39  3:42  Orbital Command  
  39  3:47  SCV  
  39  3:48  Refinery, Engineering Bay  
  40  3:53  Siege Tank  
  43  3:56  Marine x2  
  43  3:59  SCV  
  46  4:03  SCV  
  46  4:07  Barracks  
  46  4:09  SCV  
  48  4:11  SCV  
  48  4:15  SCV, Missile Turret  
  50  4:18  Refinery  
  50  4:20  Marine x2  
  50  4:21  SCV  
  53  4:25  Barracks Tech Lab  
  53  4:26  Siege Tank  
  53  4:29  SCV  
  53  4:30  SCV  
  58  4:34  SCV  
  59  4:39  Refinery  
  59  4:40  Supply Depot  
  59  4:41  Marine, SCV  
  59  4:43  Stimpack  
  60  4:45  Marine  
  60  4:52  Supply Depot  
  61  4:57  Starport  
  61  5:02  SCV  
  61  5:04  Starport  
  61  5:05  Barracks x2  
  62  5:07  Factory Reactor  
  62  5:12  SCV x2  
  64  5:14  SCV  
  64  5:15  Combat Shield, Supply Depot  
  64  5:20  Marine  
  64  5:21  Marine  
  67  5:25  Marauder x2  
  67  5:26  Orbital Command  
  70  5:30  Terran Infantry Weapons Level 1, SCV  
  69  5:38  Marine x2, SCV  
  70  5:43  SCV  
  70  5:46  Marauder x2  
  70  5:47  Supply Depot  
  75  5:51  Supply Depot  
  75  5:53  Factory Tech Lab  
  74  5:57  Barracks Reactor, Barracks Tech Lab  
  74  5:59  SCV x2  
  74  6:02  Medivac  
  77  6:04  Orbital Command  
  77  6:06  Medivac  
  77  6:07  Marauder  
  77  6:08  Marine  
  77  6:09  Marauder  
  84  6:15  Marine x2, Factory Tech Lab, Supply Depot  
  86  6:20  SCV  
  86  6:23  Concussive Shells  
  87  6:26  Marine  
  87  6:28  Marine  
  87  6:30  Marauder  
  91  6:33  Marine, Supply Depot  
  91  6:34  Siege Tank  
  91  6:35  Marauder, Marine  
  91  6:36  Marine  
  91  6:38  Supply Depot  
  99  6:44  Marine  
  99  6:47  Marauder  
  102  6:51  Marine  
  102  6:52  Supply Depot  
  103  6:54  Supply Depot  
  103  6:56  Marauder  
  103  6:59  Medivac  
  103  7:00  Marine  
  108  7:04  Marine  
  108  7:05  Marauder  
  108  7:06  Siege Tank, Marine, Orbital Command  
  115  7:11  Marine  
  115  7:12  Marauder  
  118  7:17  Medivac, Marauder  
  118  7:18  Marine  
  118  7:22  Marine  
  124  7:24  Marine  
  124  7:26  Marauder  
  124  7:30  Marine  
  124  7:33  Marauder  
  124  7:36  Marine  
  125  7:38  Marine  
  125  7:40  Marine  
  125  7:42  Marine  
  127  7:45  Medivac  
  127  7:47  Marine  
  127  7:49  Marine  
  126  7:54  Marauder, Marine  
  126  7:56  Marine  
  126  7:58  Marine  
  119  8:00  Marine  
  119  8:05  Marine  
  102  8:06  Marine  
  102  8:11  Marine  
  104  8:14  Marine  
  105  8:20  Marine  
  105  8:21  Marine, Orbital Command  
  105  8:26  Marine  
  104  8:28  Marine  
  104  8:31  Marine  
  87  8:35  Marine  
  87  8:37  Orbital Command  
  87  8:43  Medivac  
  91  8:51  Medivac  
  94  8:58  Siege Tank  
  94  9:01  Marine  
  95  9:04  Marauder, Marine, Bunker  
  100  9:12  Marauder  
  100  9:14  Supply Depot  
  100  9:18  SCV  
  100  9:19  Ghost Academy  
  100  9:20  SCV  
  100  9:28  Marine  
  100  9:30  Siege Tank, SCV  
  103  9:35  Medivac  
  103  9:36  Marine  
  103  9:37  Marine  
  85  9:39  Marine  
  85  9:43  Marine  
  85  9:44  Marine  
  85  9:45  Ghost Academy  
  88  9:47  Marine  
  88  9:48  Marine  
  90  9:56  Marine x2  
  78  10:00  Marine  
  78  10:01  Marine  
Show
View Real Time Build Order
Export as new Build Order

Creator Protoss - Winner!

Build Orders: 1 Gate Expand, Blink Stalkers 

Get SALT Encoding   

  12  0:00  Probe  
  13  0:12  Probe  
  14  0:17  Pylon  
  14  0:24  Probe (Chrono Boost)  
  15  0:36  Gateway, Probe (Chrono Boost)  
  16  0:44  Probe (Chrono Boost)  
  16  0:46  Assimilator  
  17  0:51  Probe  
  18  1:03  Probe  
  19  1:15  Probe  
  20  1:31  Probe  
  21  1:37  Nexus  
  21  1:40  Pylon  
  21  1:43  Assimilator  
  21  1:48  Probe  
  22  1:57  Cybernetics Core  
  22  2:00  Zealot  
  24  2:03  Probe  
  25  2:15  Gateway  
  25  2:18  Probe (Chrono Boost)  
  26  2:30  Probe (Chrono Boost)  
  26  2:33  Stalker  
  26  2:34  Warp Gate  
  29  2:38  Probe (Chrono Boost)  
  30  2:45  Probe (Chrono Boost)  
  30  2:49  Probe (Chrono Boost)  
  32  2:53  Twilight Council  
  32  2:57  Probe (Chrono Boost)  
  34  3:00  Probe (Chrono Boost)  
  34  3:03  Probe (Chrono Boost)  
  35  3:06  Probe (Chrono Boost), Stalker  
  35  3:11  Probe  
  39  3:16  Stalker  
  39  3:19  Probe  
  42  3:23  Probe  
  42  3:26  Blink (Chrono Boost)  
  43  3:28  Pylon  
  43  3:33  Probe  
  44  3:36  Probe  
  45  3:45  Robotics Facility, Probe  
  46  3:51  Probe  
  46  3:52  Gateway  
  47  3:56  Pylon  
  47  3:58  Probe  
  47  4:00  Assimilator  
  48  4:03  Assimilator  
  48  4:08  Probe  
  49  4:10  Probe  
  50  4:22  Stalker x2, Probe  
  55  4:24  Probe  
  55  4:29  Warp Prism (Chrono Boost)  
  56  4:32  Pylon  
  58  4:41  Pylon, Probe x2  
  60  4:50  Stalker  
  62  4:59  Observer  
  63  5:01  Templar Archives  
  63  5:04  Probe x2  
  65  5:10  Nexus  
  65  5:12  Pylon  
  65  5:13  Shield Battery  
  65  5:15  Shield Battery  
  65  5:18  Probe x2  
  67  5:30  Psionic Storm  
  67  5:32  Probe x2  
  69  5:39  High Templar x2  
  73  5:44  Probe x2  
  73  5:46  Charge (Chrono Boost), Gateway  
  73  5:47  Gateway  
  73  5:48  Gateway  
  75  5:56  Probe x2  
  77  5:58  Immortal  
  77  6:01  Sentry  
  83  6:07  Pylon  
  83  6:12  Gateway  
  83  6:13  Gateway  
  83  6:16  High Templar  
  85  6:19  Pylon  
  85  6:21  Observer  
  85  6:23  Zealot  
  87  6:25  High Templar  
  89  6:35  Immortal (Chrono Boost)  
  89  6:37  Pylon  
  93  6:47  Zealot x4  
  93  6:49  Gateway  
  93  6:50  Stalker  
  103  6:56  Pylon, Probe  
  104  7:04  Stalker  
  104  7:07  Pylon  
  104  7:08  Probe  
  107  7:12  Stalker x3  
  107  7:15  Zealot x2  
  117  7:19  Zealot x2  
  121  7:23  Pylon x2  
  121  7:31  Stalker  
  121  7:36  Stalker  
  121  7:37  Zealot x2, Stalker  
  121  7:42  Zealot  
  121  7:43  Zealot  
  121  7:44  Zealot  
  118  7:53  Stalker  
  118  7:54  Stalker  
  118  7:55  Zealot, Stalker  
  120  8:05  Zealot x2, High Templar x2  
  104  8:10  Shield Battery  
  108  8:19  Zealot x3  
  114  8:26  Observer  
  104  8:30  Stalker x2  
  96  8:35  Stalker  
  98  8:44  Stalker x3  
  104  8:53  Observer  
  104  8:57  High Templar x2  
  104  8:58  Zealot x3  
  114  9:03  Zealot, Archon  
  102  9:40  Zealot x4  
  102  9:41  Zealot x4  
  114  9:46  Pylon  
  114  9:59  Zealot  
  100  10:02  Zealot  
  100  10:03  Stalker  
  100  10:04  Stalker x3  
  92  10:12  Zealot, High Templar  
  94  10:14  Sentry  
Tags
 
Add a new tag
Caveats
  • Supply blocks, unpowered buildings, or Contaminate may cause inaccurate times.
  • Supply counts are checked every 10 seconds.